 Dungeon Crawl Stone Soup version 0.30-a0-782-ge64f9170bb (webtiles) character file.

Game seed: 10331545144633219530

77 sanka the Changer (level 3, -2/27 HPs)
             Began as a Demigod Transmuter on Mar 1, 2023.
             Slain by a phantom (3 damage)
             ... on level 2 of the Dungeon.
             The game lasted 00:03:23 (1757 turns).

sanka the Changer (Demigod Transmuter)              Turns: 1757, Time: 00:03:24

Health: -2/27      AC:  2    Str: 11    XL:     3   Next: 92%
Magic:  5/8        EV: 19    Int: 19    God:
Gold:   146        SH:  0    Dex: 19    Spells: 0/6 levels left

rFire   . . .      SeeInvis +      - Unarmed
rCold   . . .      Faith    .    (shield currently unavailable)
rNeg    . . .      Spirit   .    (body armour currently unavailable)
rPois   x          Reflect  .    (helmet currently unavailable)
rElec   .          Harm     .    (cloak currently unavailable)
rCorr   .          Rampage  .    (gloves currently unavailable)
Will    +....                    (boots currently unavailable)
Stlth   ++                       k - amulet of magic regeneration
HPRegen 0.24/turn                h - ring of willpower
MPRegen 0.51/turn                i - ring of see invisible

@: lethally poisoned (-2 -> -8), spider-form, very slightly contaminated
A: venomous fangs, tiny, high MP 1, forlorn, divine attributes
a: End Transformation


You were on level 2 of the Dungeon.
You were a venomous arachnid creature.
You visited 1 branch of the dungeon, and saw 2 of its levels.

You collected 146 gold pieces.


Innate Abilities, Weirdness & Mutations

You are a venomous arachnid creature.
You have venomous fangs.
You are tiny and dextrous.
Your spellcasting is less reliable in this form.
Your armour is entirely melded.
You are incapable of wielding weapons or throwing items.
You have an increased reservoir of magic. (+10% MP)
You shall have no god before yourself.
Your divine heritage dramatically boosts your attributes as you level up.


   Skills:
 - Level 0.8 Fighting
 - Level 1.7 Dodging
 - Level 2.6 Unarmed Combat
 - Level 2.0 Spellcasting
 + Level 3.6 Transmutations
 + Level 1.2 Poison Magic


You couldn't memorise any spells.
You knew the following spells:

 Your Spells              Type           Power      Damage    Failure   Level
x - Spider Form           Tmut/Pois      11%        N/A       38%         3
y - Wereblood             Tmut           15%        N/A       17%         2
z - Beastly Appendage     Tmut           30%        N/A       12%         1

Your spell library contained the following spells:

 Spells                   Type           Power      Damage    Failure   Level
 Ice Form                 Ice/Tmut       8%         N/A       82%         4
 Chain Lightning          Conj/Air       0%         2d1       100%        9
 Fire Storm               Conj/Fire      0%         6d1       100%        9
 Shatter                  Erth           0%         3d5*      100%        9

Inventory:

Armour
 a - a +0 robe (melded)
 c - a +0 pair of gloves (melded)
Jewellery
 h - a ring of willpower (left front pincers)
 i - a ring of see invisible (right front pincers)
 k - an amulet of magic regeneration (around neck)
Wands
 m - a wand of iceblast (9)
Scrolls
 d - a scroll of enchant armour {unknown}
 e - 2 scrolls of blinking {unknown}
 f - a scroll of identify {unknown}
 g - a scroll of teleportation {unknown}
 j - a scroll of vulnerability {unknown}
Potions
 b - a potion of lignification {!q}
 l - a potion of haste {unknown}
 n - a potion of curing {unknown}
 o - a potion of attraction {unknown}

Dungeon Overview and Level Annotations

Branches:
Dungeon (2/15)

▒.▒ ▒.▒ ▒..▒▒▒..▒▒▒▒ ▒........
▒.▒ ▒.▒ ▒..........▒ ▒.▒▒▒.▒▒▒
▒.▒ ▒▒.▒▒▒▒.▒▒▒..▒▒.▒▒▒.▒▒▒.▒
▒.▒ ▒.......................▒
▒.▒▒▒▒............▒▒▒▒▒▒▒▒▒▒▒▒
▒.......▒▒▒▒▒▒▒▒..▒ ▒▒▒▒▒▒.▒▒
▒▒▒▒▒▒..▒ ▒.▒ ▒...▒▒..▒ ▒.▒
▒..B.sW.▒ ..▒ ▒..S▒▒.▒▒ ▒.▒▒
▒▒.....▒ ▒.▒ ▒.▒▒▒▒▒ ▒.▒ ▒.▒
▒.▒ ▒.▒ ▒▒▒▒▒▒▒▒▒▒▒▒▒▒▒▒▒ ▒.▒
▒.▒ ▒................ ▒.▒ ▒.▒
▒.▒▒▒▒▒▒▒▒▒▒▒▒▒▒.
▒▒▒▒.▒▒▒▒▒▒.▒ ▒.▒ ▒.


You could see a phantom, an adder and a giant cockroach.


Message History

You are poisoned.
The adder poisons you!
The phantom hits you but does no damage.
You hit the phantom.
The phantom is heavily damaged.
* * * LOW HITPOINT WARNING * * *
You feel very sick. The giant cockroach closely misses you.
The adder bites you but does no damage. The phantom completely misses you.
The giant cockroach bites you but does no damage.
Unknown command.
You barely miss the phantom.
The phantom is heavily damaged.
* * * LOW HITPOINT WARNING * * *
You feel very sick. The adder barely misses you. The giant cockroach bites you.
* * * LOW HITPOINT WARNING * * *
The phantom hits you!
* * * LOW HITPOINT WARNING * * *
The phantom blinks!
You blink.
Unknown command.
You hit the phantom.
The phantom is heavily damaged.
* * * LOW HITPOINT WARNING * * *
You feel sick. The phantom hits you.
You die...

Action                     || total
---------------------------++-------
  Melee: Unarmed           ||   112
         Headbutt          ||    10
         Kick              ||    13
         Punch             ||     2
   Cast: Beastly Appendage ||    32
         Spider Form       ||     1
   Stab: Sleeping          ||     2
 Armour: Robe              ||    21
         Skin              ||     3
  Dodge: Dodged            ||    78

Levels and vault maps discovered:
D:1:      minmay_arrival_up_and_down, layout_loops_corners,
          hangedman_feature_mirror
D:2:      layout_loops_ring

Notes
Turn   | Place    | Note
-------+----------+-------------------------------------------
     0 | D:1      | sanka the Demigod Transmuter began the quest for the Orb.
     0 | D:1      | Reached XP level 1. HP: 15/15 MP: 5/5
    35 | D:1      | Reached skill level 2 in Spellcasting
    89 | D:1      | Reached skill level 2 in Transmutations
   314 | D:1      | Reached XP level 2. HP: 22/22 MP: 5/7
   862 | D:1      | Reached skill level 3 in Transmutations
  1076 | D:1      | Learned a level 2 spell: Wereblood
  1077 | D:2      | Noticed a phantom
  1128 | D:2      | Reached XP level 3. HP: 25/27 MP: 8/8
  1141 | D:2      | Learned a level 3 spell: Spider Form
  1483 | D:2      | Reached skill level 1 in Poison Magic
  1756 | D:2      | HP: 2/27 [phantom (7)]
  1757 | D:2      | Slain by a phantom

Vanquished Creatures
  3 adders (D:2)
  4 dart slugs
  3 endoplasms
  A giant cockroach (D:2)
  2 goblins (D:1)
  3 hobgoblins
  4 jackals (D:2)
  2 quokkas (D:1)
  5 ball pythons
  4 bats
  A frilled lizard (D:1)
  3 kobolds
  8 rats
43 creatures vanquished.
